 Dungeon Crawl Stone Soup version 0.27-a0-1191-g601b473118 (webtiles) character file.

Game seed: 6553759226492929759

148958 lunkers the Warrior (level 16, -3/136 HPs)
             Began as a Demonspawn Venom Mage on May 20, 2021.
             Was an Initiate of Gozag.
             Hit by a silver javelin thrown by a merfolk javelineer (6 damage)
             ... on level 4 of the Shoals on May 24, 2021.
             The game lasted 01:21:34 (33628 turns).

lunkers the Warrior (Demonspawn Venom Mage)        Turns: 33628, Time: 01:21:34

Health: -3/136     AC: 16    Str:  9    XL:     16   Next: 95%
Magic:  29/35      EV: 12    Int: 37    God:    Gozag
Gold:   4872       SH: 16    Dex: 21    Spells: 26/45 levels left

rFire    + . .     SeeInvis +   E - +9 mace of Dehus {freeze, *Corrode rPois rC+ Int+7}
rCold    + + .     Faith    .   q - +2 buckler
rNeg     . . .     Spirit   .   F - +1 leather armour of Ru's Outrage {rElec Regen+ Stlth+}
rPois    +         Reflect  .   s - +1 helmet {SInv}
rElec    +         Harm     .   r - +2 cloak {Will+}
rCorr    +         Rampage  .   A - +1 pair of gloves {Dex+3}
Will     ++...                  G - +0 pair of boots
Stlth    +++.......             R - amulet of Bukaomea {RegenMP Contam rC+ rCorr}
HPRegen  1.32/turn              V - ring of Ippeurch {rCorr AC+4 Slay+2}
MPRegen  0.49/turn              e - ring of Generosity {rF+ Int+7 Dex+4}

@: gold aura
A: claws 2, large bone plates 3, demonic guardian 1, spiny 2
a: Renounce Religion, Potion Petition, Call Merchant, Bribe Branch


You were on level 4 of the Shoals.
You worshipped Gozag.
Gozag was most pleased with you.
You visited 5 branches of the dungeon, and saw 24 of its levels.
You also visited: Gauntlet.

You collected 8945 gold pieces.
You spent 2717 gold pieces at shops.
You paid 1356 gold pieces to Gozag.

Inventory:

Hand Weapons
 c - the +9 broad axe "Pionoj" {vamp, Fly Str-4 SInv Stlth+}
   (You bought it in a shop on level 2 of the Orcish Mines)

   It inflicts no extra harm, but heals its wielder when it wounds a living foe.
   It affects your strength (-4).
   It lets you see invisible.
   It grants you flight.
   It makes you more stealthy.
 E - the +9 mace of Dehus (weapon) {freeze, *Corrode rPois rC+ Int+7}
   (You found it in a Gauntlet)

   It has been specially enchanted to freeze those struck by it, causing extra
   injury to most foes and up to half again as much damage against particularly
   susceptible opponents.
   It can also slow down cold-blooded creatures.
   It affects your intelligence (+7).
   It protects you from cold.
   It protects you from poison.
   It may corrode you when you take damage.
 P - a +3 vorpal demon trident
Missiles
 Q - 4 curare-tipped darts
 U - 3 throwing nets
Armour
 m - a +0 kite shield of reflection
 q - a +2 buckler (worn)
 r - a +2 cloak of willpower (worn)
 s - a +1 helmet of see invisible (worn)
 t - a +2 robe of the Archmagi
 A - a +1 pair of gloves of dexterity (worn)
 F - the +1 leather armour of Ru's Outrage (worn) {rElec Regen+ Stlth+}
   (You took it off Sonja on level 6 of the Lair of Beasts)

   It insulates you from electricity.
   It increases your rate of health regeneration.
   It makes you more stealthy.
 G - a +0 pair of boots (worn)
Magical Staves
 S - a staff of conjuration
Jewellery
 e - the ring of Generosity (right hand) {rF+ Int+7 Dex+4}
   (You bought it in a shop on level 2 of the Orcish Mines)

   [ring of protection from fire]

   It affects your intelligence (+7).
   It affects your dexterity (+4).
   It protects you from fire.
 j - a +4 ring of evasion
 k - a ring of protection from cold
 R - the amulet of Bukaomea (around neck) {RegenMP Contam rC+ rCorr}
   (You bought it in a shop on level 2 of the Orcish Mines)

   [amulet of magic regeneration]

   It increases your rate of magic regeneration.
   It protects you from cold.
   It causes magical contamination when unequipped.
   It protects you from acid and corrosion.
 V - the ring of Ippeurch (left hand) {rCorr AC+4 Slay+2}
   (You found it on level 3 of the Lair of Beasts)

   [ring of protection]

   It affects your AC (+4).
   It affects your accuracy and damage with ranged weapons and melee attacks
   (+2).
   It protects you from acid and corrosion.
 Z - a ring of willpower
Wands
 n - a wand of mindburst (9)
 x - a wand of polymorph (25)
 y - a wand of flame (49)
 z - a wand of iceblast (19)
 J - a wand of charming (7)
 M - a wand of digging (15)
 W - a wand of acid (16)
 X - a wand of paralysis (18)
Scrolls
 d - 3 scrolls of enchant weapon
 f - 5 scrolls of magic mapping
 g - 7 scrolls of amnesia
 i - 2 scrolls of teleportation
 o - 4 scrolls of fog
 p - 4 scrolls of enchant armour
Potions
 a - 3 potions of flight
 b - 4 potions of heal wounds
 h - 7 potions of brilliance
 l - 7 potions of lignification
 u - 2 potions of ambrosia
 v - 2 potions of mutation
 w - 3 potions of haste
 B - 4 potions of curing
 C - 3 potions of invisibility
 D - 5 potions of might
 K - 3 potions of berserk rage
 L - a potion of magic
 N - a potion of cancellation
 Y - a potion of resistance
Miscellaneous
 T - a lightning rod (4/4)


   Skills:
 + Level 15.3 Fighting
 - Level 1.7 Dodging
 - Level 1.7 Stealth
 - Level 4.0 Shields
 + Level 15.2 Spellcasting
 + Level 15.2 Conjurations
 - Level 0.8 Transmutations
 - Level 9.2 Poison Magic


You had 26 spell levels left.
You knew the following spells:

 Your Spells              Type           Power      Damage    Failure   Level
a - Poisonous Vapours     Pois/Air       100%       N/A       1%          2
b - Orb of Destruction    Conj           48%        9d15      3%          7
c - Olgreb's Toxic Radia  Pois           77%        N/A       1%          4
d - Ignite Poison         Fire/Tmut/Pois 52%        N/A       1%          3
e - Mephitic Cloud        Conj/Pois/Air  73%        N/A       1%          3

Your spell library contained the following spells:

 Spells                   Type           Power      Damage    Failure   Level
 Magic Dart               Conj           100%       1d8       0%          1
 Searing Ray              Conj           100%       3d7       0%          2
 Sting                    Tmut/Pois      100%       1d8       1%          1
 Conjure Flame            Conj/Fire      71%        6-21      1%          3
 Dazzling Flash           Conj/Hex       100%       N/A       1%          3
 Fulminant Prism          Conj/Hex       35%        3d18      1%          4
 Iskenderun's Mystic Bla  Conj/Tloc      71%        2d14      1%          4
 Iskenderun's Battlesphe  Conj           96%        2d14      1%          5
 Blink                    Tloc           N/A        N/A       2%          2
 Call Imp                 Summ           28%        N/A       2%          2
 Slow                     Hex            28%        N/A       2%          2
 Confusing Touch          Hex            28%        N/A       5%          3
 Gell's Gravitas          Tloc           14%        N/A       5%          3
 Bolt of Magma            Conj/Fire/Erth 30%        4d14      6%          5
 Iron Shot                Conj/Erth      35%        9d7       12%         6
 Petrify                  Tmut/Erth      31%        N/A       16%         4
 Yara's Violent Unravell  Hex/Tmut       15%        3d8       38%         5
 Metabolic Englaciation   Hex/Ice        14%        N/A       45%         5
 Spellforged Servitor     Conj/Summ      35%        N/A       54%         7


Dungeon Overview and Level Annotations

Branches:
Dungeon (11/15)            Temple (1/1) D:6            Lair (6/6) D:8
 Shoals (4/4) Lair:2       Spider (0/4) Lair:4        Slime (0/5) Lair:5
    Orc (2/2) D:11            Elf (0/3) Orc:2       Gauntlet (visited)

Altars:
Ashenzari
Cheibriados
Dithmenos
Elyvilon
Fedhas
Gozag
Hepliaklqana
Kikubaaqudgha
Makhleb
Nemelex Xobeh
Okawaru
Qazlal
Ru
Sif Muna
Trog
Uskayaw
Vehumet
Wu Jian
Xom
Yredelemnul
Zin
The Shining One
Beogh
Jiyva

Shops:
D:5 *(   D:6 *   D:9 *   D:11 [:   Orc:2 *?(=

Annotations:
D:5 3 runed translucent doors, robertstho's ghost, novice DjFE


Innate Abilities, Weirdness & Mutations

You have very sharp fingernails.
You are completely covered in large bone plates. (SH +8)
A weak demonic guardian rushes to your aid.
You are mostly covered in sharp spines.


Message History

You feel sick.
You enter the shallow water.
Moving in this stuff is going to be slow.
You feel sick.
You feel sick.
You feel sick.
You feel sick.
You are no longer poisoned.
You start resting.
A merfolk javelineer is nearby!
Unknown command.
Casting: Olgreb's Toxic Radiance (safe; 1% risk of failure)
Confirm with . or Enter, or press ? or * to list all spells.
Okay, then.
Casting: Olgreb's Toxic Radiance (safe; 1% risk of failure)
Confirm with . or Enter, or press ? or * to list all spells.
Aiming: Orb of Destruction (dangerous; 3% risk of failure)
Press: ? - help, Shift-Dir - straight line, f - merfolk javelineer
Aim: a merfolk javelineer, wielding a +4 vampiric spear, wearing a +0 leather armour and quivering silver javelins (wandering, hasn't noticed you)
The merfolk javelineer throws a silver javelin.
The silver javelin pierces through you.
* * * LOW HITPOINT WARNING * * *
The silver sears you!
* * * LOW HITPOINT WARNING * * *
The merfolk javelineer throws a silver javelin.
The silver javelin completely misses you.
The merfolk javelineer throws a silver javelin.
The silver javelin pierces through you!!
* * * LOW HITPOINT WARNING * * *
A demonic guardian appears!
The silver sears you!
* * * LOW HITPOINT WARNING * * *
The orb of destruction hits the merfolk javelineer!!!!
The merfolk javelineer is almost dead.
The merfolk shouts!
The merfolk javelineer throws a silver javelin.
The silver javelin pierces through you!
* * * LOW HITPOINT WARNING * * *
The silver sears you!
You die...
Your body crumbles into a pile of gold.

≈≈≈≈≈≈≈≈≈≈≈≈≈≈≈≈≈≈≈≈≈≈≈≈≈≈≈≈≈≈≈
≈≈≈≈≈≈≈≈≈≈≈≈≈≈≈≈≈≈≈≈≈≈≈≈≈≈≈≈≈≈≈
≈≈≈≈≈≈≈≈≈≈≈≈≈≈≈≈≈≈≈≈≈≈≈≈≈≈≈≈≈≈≈
≈≈≈≈≈≈≈≈≈≈≈≈≈≈≈≈≈≈≈≈≈≈≈≈≈≈≈≈≈≈≈
≈≈≈≈≈≈≈≈≈≈≈≈≈≈≈≈≈≈≈≈≈≈≈≈≈≈≈≈≈≈≈
≈≈≈≈≈≈≈≈≈≈≈≈≈≈≈≈≈≈≈≈≈≈≈≈≈≈≈≈≈≈≈
≈≈≈≈≈≈≈≈≈≈≈≈≈≈≈≈≈≈≈≈≈≈≈≈≈≈≈≈≈≈≈
≈≈≈≈≈≈≈≈≈≈≈≈≈4≈≈≈≈≈≈≈≈≈≈≈≈≈≈≈≈≈
≈≈≈≈≈≈≈≈≈≈≈≈≈≈@°≈≈≈≈≈≈≈....≈≈≈≈
≈≈≈≈≈≈≈≈≈≈≈≈≈≈≈≈≈≈≈≈≈≈......,≈≈
≈≈≈≈≈≈≈≈≈≈≈≈≈≈≈≈≈≈≈≈≈≈...≈...,≈
≈≈≈≈≈≈≈≈≈≈≈≈.≈≈≈≈≈°○≈........≈≈
≈≈≈≈≈≈≈≈≈≈≈≈..≈≈≈≈..○m)......,≈
≈≈≈≈≈≈≈≈≈≈≈≈≈≈≈≈.....m.......,,
≈≈≈≈≈≈≈≈≈≈≈≈≈≈≈≈.P...........,,
≈≈≈≈≈≈≈≈≈≈≈≈≈≈P..#.≈.........,,
≈≈≈≈≈≈≈≈≈≈≈≈≈≈...............,,


You could see a merfolk javelineer (ally target), a merfolk and a friendly ice
devil (summoned).

Vanquished Creatures
  Polyphemus (Shoals:3)
  Kirke (Shoals:1)
  Donald (Orc:1)
  An orc warlord (Orc:2)
  A minotaur (Gauntlet)
  A fire dragon (Lair:6)
  5 merfolk impalers
  Snorg (Orc:2)
  A catoblepas (Shoals:3)
  8 hydras
  A merfolk avatar (Shoals:3)
  4 merfolk aquamancers
  A centaur warrior (Orc:2)
  2 two-headed ogres
  2 death yaks (Shoals:3)
  A satyr (Shoals:4)
  Urug (D:10)
  Sonja (Lair:6)
  An orc high priest (Orc:2)
  A fire crab (Lair:5)
  16 sea snakes
  A swamp dragon (Lair:6)
  Pikel (D:3)
  A harpy (Shoals:3)
  A lindwurm (Lair:6)
  3 fauns (Shoals:4)
  5 orc knights
  A necromancer (Gauntlet)
  2 wolf spiders (Lair:6)
  4 orc sorcerers
  4 oklob plants (Lair:3)
  A cyclops (Orc:2)
  10 manticores
  Joseph (D:8)
  A manticore (shapeshifter) (Gauntlet)
  Maurice (D:8)
  A torpor snail (Lair:4)
  A guardian serpent (Lair:6)
  7 black mambas
  3 water nymphs
  5 merfolk sirens
  Maggie (D:8)
  16 cane toads
  2 kobold demonologists (D:10)
  6 rime drakes
  2 gargoyles
  5 komodo dragons
  Psyche (D:8)
  7 wind drakes
  17 merfolk
  7 trolls
  5 hornets
  2 polar bears (Lair:6)
  Grinder (D:4)
  21 blink frogs
  A tyrant leech (Gauntlet)
  4 snapping turtles
  A redback (Lair:6)
  Sigmund (D:5)
  15 basilisks
  6 water elementals
  31 yaks
  A yak (shapeshifter) (Gauntlet)
  20 wyverns
  2 hogs (Shoals:1)
  Menkaure (D:4)
  2 vampire mosquitoes (D:10)
  The ghost of Cheivey the Magician, an amateur DjFE (D:4)
  3 wargs (Orc:2)
  3 swamp worms (Gauntlet)
  2 steam dragons (Lair:6)
  2 acid dragons
  31 water moccasins
  A swamp drake (Lair:6)
  An ice beast (D:7)
  47 orc warriors
  2 black bears
  A necrophage (D:8)
  A hornet zombie (D:5)
  2 sky beasts
  15 ogres
  20 wolves
  14 centaurs
  3 kobold brigands (D:11)
  7 gnoll sergeants
  3 scorpions
  10 bullfrogs
  A water moccasin skeleton (D:4)
  4 killer bees (D:11)
  5 wights (D:9)
  3 howler monkeys (D:11)
  2 centaur zombies
  7 hounds
  A centaur skeleton (D:4)
  19 orc priests
  A jelly (D:5)
  Crazy Yiuf (D:4)
  A gnoll shaman (D:9)
  A bullfrog skeleton (D:4)
  4 iguanas (Lair:6)
  26 orc wizards
  12 hell rats
  A killer bee zombie (D:8)
  28 gnolls
  7 adders
  A white imp (D:8)
  2 ufetubi (D:5)
  3 worms
  2 dart slugs
  102 orcs
  2 ball pythons
  3 bats
  3 endoplasms
  3 giant cockroaches
  12 hobgoblins
  14 jackals
  2 frilled lizards (D:3)
  6 goblins
  14 kobolds
  4 rats
750 creatures vanquished.

Vanquished Creatures (collateral kills)
  A hydra (Lair:5)
  A death yak (Shoals:3)
  3 yaks
  A water moccasin (Lair:5)
  2 orc warriors (Orc:2)
8 creatures vanquished.

Vanquished Creatures (others)
  A basilisk (Lair:6)
  3 humans (Shoals:1)
  A swamp drake (Lair:6)
  An iguana (Lair:6)
  27 fungi
  176 plants
  22 withered plants (Gauntlet)
231 creatures vanquished.

Grand Total: 989 creatures vanquished

Notes
Turn   | Place    | Note
-------+----------+-------------------------------------------
     0 | D:1      | lunkers the Demonspawn Venom Mage began the quest for the
                  | Orb.
     0 | D:1      | Reached XP level 1. HP: 13/13 MP: 3/3
   311 | D:1      | Gained mutation: You are partially covered in large bone
                  | plates. (SH +4) [demonic ancestry]
   311 | D:1      | Reached XP level 2. HP: 10/19 MP: 1/5
   909 | D:1      | Found a faded altar of an unknown god.
  1440 | D:2      | Reached XP level 3. HP: 14/24 MP: 0/6
  2842 | D:3      | Learned a level 2 spell: Poisonous Vapours
  3102 | D:3      | Reached XP level 4. HP: 14/30 MP: 8/8
  3464 | D:4      | Noticed Menkaure
  3642 | D:4      | Noticed Pikel
  3642 | D:4      | Noticed a lemure
  3642 | D:4      | Noticed a lemure
  3642 | D:4      | Noticed a lemure
  3643 | D:4      | Noticed a lemure
  3680 | D:3      | Killed Pikel
  3681 | D:3      | Gained mutation: A weak demonic guardian rushes to your
                  | aid. [demonic ancestry]
  3681 | D:3      | Reached XP level 5. HP: 3/35 MP: 0/11
  3681 | D:3      | Gained mutation: You are partially covered in sharp spines.
                  | [demonic ancestry]
  3681 | D:3      | Reached XP level 6. HP: 3/41 MP: 0/12
  3681 | D:3      | Gained mutation: You are mostly covered in sharp spines.
                  | [demonic ancestry]
  3681 | D:3      | Reached XP level 7. HP: 4/46 MP: 0/13
  4059 | D:4      | Killed Menkaure
  4081 | D:4      | Learned a level 4 spell: Olgreb's Toxic Radiance
  4095 | D:4      | Learned a level 3 spell: Ignite Poison
  4099 | D:4      | Learned a level 3 spell: Mephitic Cloud
  4315 | D:4      | Noticed Grinder
  4321 | D:4      | Killed Grinder
  4322 | D:4      | Reached skill level 5 in Spellcasting
  4539 | D:4      | Found a runed translucent gate.
  4539 | D:4      | Found a runed translucent gate.
  4539 | D:4      | Found a runed translucent gate.
  4540 | D:4      | Noticed Cheivey's ghost (amateur DjFE)
  4588 | D:4      | Found a runed translucent door.
  4589 | D:4      | Noticed Crazy Yiuf
  4835 | D:4      | Identified the +0 robe "Xaechuig" {rElec rPois rCorr Str-3
                  | Dex-2}
  4933 | D:4      | Killed Crazy Yiuf
  4934 | D:4      | Reached XP level 8. HP: 52/52 MP: 7/15
  5054 | D:4      | Killed Cheivey's ghost
  5183 | D:5      | Entered Level 5 of the Dungeon
  5366 | D:5      | Found Wanit's Assorted Antiques.
  5366 | D:5      | Noticed Sigmund
  5378 | D:5      | Killed Sigmund
  5484 | D:5      | Bought a scroll labelled PIANGA ETIO for 25 gold pieces
  5484 | D:5      | Bought a scroll labelled KUSCHO HIOWA for 25 gold pieces
  5484 | D:5      | Bought a smoky cyan potion for 22 gold pieces
  5484 | D:5      | Bought a smoky cyan potion for 22 gold pieces
  5619 | D:5      | Reached skill level 1 in Fighting
  6032 | D:5      | Found a runed translucent gate.
  6033 | D:5      | Found a runed translucent gate.
  6033 | D:5      | Found a runed translucent gate.
  6035 | D:5      | Noticed robertstho's ghost (novice DjFE)
  6039 | D:5      | Identified the +5 ring mail of Tomorrow {+Blink rPois}
  6200 | D:5      | Found Pimnukk's Antique Weapon Shop.
  6395 | D:5      | Reached XP level 9. HP: 11/64 MP: 5/19
  6954 | D:6      | Found a staircase to the Ecumenical Temple.
  6966 | Temple   | Entered the Ecumenical Temple
  7207 | Temple   | Became a worshipper of Gozag Ym Sagoz the Greedy
  7675 | D:6      | Found Humnih's Assorted Antiques.
  7680 | D:6      | Bought a green potion for 21 gold pieces
  7680 | D:6      | Bought a smoky purple potion for 21 gold pieces
  7680 | D:6      | Bought a scroll labelled LAFULUTITEA for 24 gold pieces
  7680 | D:6      | Bought a scroll labelled ROFROE OPASOIG for 24 gold pieces
  7680 | D:6      | Bought a fizzy white potion for 21 gold pieces
  7680 | D:6      | Bought a smoky purple potion for 21 gold pieces
  8011 | D:6      | Identified the +8 whip of the Secret Geomancers {elec,
                  | +Rage rElec Int+2}
  8106 | D:7      | Reached skill level 5 in Fighting
  8842 | D:8      | Reached XP level 10. HP: 58/77 MP: 14/22
  8978 | D:8      | Noticed Joseph
  8993 | D:8      | Killed Joseph
  9719 | D:8      | Found a staircase to the Lair.
  9737 | D:8      | Noticed a two-headed ogre
  9748 | D:8      | Killed a two-headed ogre
  9749 | D:8      | Reached skill level 10 in Spellcasting
  9775 | D:8      | Noticed Maggie
  9786 | D:8      | Killed Maggie
  9995 | D:8      | Found a shimmering altar of Xom.
 10446 | D:8      | Noticed Maurice
 10447 | D:8      | Noticed Psyche
 10452 | D:8      | Killed Maurice
 10453 | D:8      | Gained mutation: You are mostly covered in large bone
                  | plates. (SH +6) [demonic ancestry]
 10453 | D:8      | Reached XP level 11. HP: 67/89 MP: 15/25
 10453 | D:8      | Killed Psyche
 10656 | D:9      | Paralysed by a hornet for 2 turns
 11119 | D:9      | Found an iron altar of Okawaru.
 11119 | D:9      | Found a hide-covered altar of Uskayaw.
 11127 | D:9      | Found a faded altar of an unknown god.
 11131 | D:9      | Found a faded altar of an unknown god.
 11184 | D:9      | Found Raficu's Assorted Antiques.
 11193 | D:9      | Bought an inky potion for 26 gold pieces
 11193 | D:9      | Bought a smoky purple potion for 26 gold pieces
 11193 | D:9      | Bought a scroll labelled ITRAKK MEORR for 29 gold pieces
 11740 | D:9      | Reached skill level 10 in Fighting
 11809 | D:9      | Noticed a two-headed ogre
 11820 | D:9      | Killed a two-headed ogre
 12270 | D:10     | Entered Level 10 of the Dungeon
 12476 | D:10     | Noticed Urug
 12488 | D:10     | Killed Urug
 13315 | D:11     | Found a staircase to the Orcish Mines.
 14213 | D:11     | Identified 2 scrolls of acquirement
 14213 | D:11     | Acquired 692 gold pieces
 14214 | D:11     | Acquired 603 gold pieces
 14438 | Orc:1    | Entered Level 1 of the Orcish Mines
 14526 | Orc:1    | Noticed an orc sorcerer
 14529 | Orc:1    | Reached XP level 12. HP: 96/100 MP: 13/28
 14823 | Orc:2    | Entered Level 2 of the Orcish Mines
 15073 | Orc:2    | Noticed an orc high priest
 15080 | Orc:2    | Killed an orc high priest
 15294 | Orc:2    | Noticed a centaur warrior
 15625 | Orc:2    | Killed a centaur warrior
 16498 | Orc:2    | Noticed Donald
 16512 | Orc:1    | Killed Donald
 17151 | Orc:2    | Noticed an orc warlord
 17152 | Orc:2    | Upgraded the game from 0.27-a0-1188-g73eefd5def to
                  | 0.27-a0-1191-g601b473118
 17192 | Orc:2    | Killed an orc warlord
 17343 | Orc:2    | Paralysed by an orc sorcerer for 5 turns
 17354 | Orc:2    | Gained mutation: You have sharp fingernails. [demonic
                  | ancestry]
 17354 | Orc:2    | Reached XP level 13. HP: 89/111 MP: 25/30
 17699 | Orc:2    | Noticed Snorg
 17707 | Orc:2    | Killed Snorg
 18252 | Orc:2    | Found a staircase to the Elven Halls.
 18315 | Orc:2    | Found Cisa's Magic Scroll Shoppe.
 18315 | Orc:2    | Found Cuggid's Antique Weapon Boutique.
 18317 | Orc:2    | Found Xozxox's Jewellery Shop.
 18319 | Orc:2    | Found Awitosh's General Store.
 18332 | Orc:2    | Bought the ring of Generosity {rF+ Int+7 Dex+4} for 661
                  | gold pieces
 19096 | D:6      | Bought a leatherbound book for 360 gold pieces
 19254 | Orc:2    | Bought a masterwork broad axe for 216 gold pieces
 19254 | Orc:2    | Identified the +9 broad axe "Pionoj" {vamp, Fly Str-4 SInv
                  | Stlth+} (You bought it in a shop on level 2 of the Orcish
                  | Mines)
 19295 | D:11     | Bought a +1 pair of gloves of stealth for 280 gold pieces
 19295 | D:11     | Bought a +2 cloak of willpower for 365 gold pieces
 19416 | Lair:1   | Entered Level 1 of the Lair of Beasts
 19510 | Lair:1   | Reached skill level 1 in Shields
 20751 | Lair:2   | Found a snail-covered altar of Cheibriados.
 20759 | Lair:2   | Found a gate leading to a gauntlet.
 20781 | Gauntlet | Entered a Gauntlet
 20781 | Gauntlet | Found a transporter.
 20781 | Gauntlet | Found a transporter.
 20781 | Gauntlet | Found a runed translucent gate.
 20781 | Gauntlet | Found a runed translucent gate.
 20787 | Gauntlet | Found a transporter.
 20802 | Gauntlet | Found a transporter.
 20817 | Gauntlet | Found a transporter.
 20817 | Gauntlet | Found a transporter.
 20817 | Gauntlet | Found a transporter.
 20819 | Gauntlet | Found a transporter.
 20819 | Gauntlet | Found a transporter.
 20831 | Gauntlet | Found a transporter.
 20850 | Gauntlet | Found a transporter.
 20854 | Gauntlet | Noticed a cacodemon
 20860 | Gauntlet | Found a transporter.
 20874 | Gauntlet | Found a transporter.
 20896 | Gauntlet | Found a transporter.
 20898 | Gauntlet | Found a runed translucent gate.
 21311 | Gauntlet | Identified the +9 mace of Dehus {freeze, *Corrode rPois rC+
                  | Int+7}
 21493 | Gauntlet | Noticed a minotaur
 21499 | Gauntlet | Killed a minotaur
 22029 | Lair:2   | Found a staircase to the Shoals.
 22610 | Lair:3   | Identified the ring of Ippeurch {rCorr AC+4 Slay+2}
 23431 | Lair:3   | Reached XP level 14. HP: 109/121 MP: 16/32
 23738 | Lair:4   | Found a hole to the Spider Nest.
 23747 | Lair:4   | Reached skill level 1 in Conjurations
 24454 | Lair:4   | Reached skill level 5 in Conjurations
 25610 | Lair:5   | Found a staircase to the Slime Pits.
 25612 | Lair:5   | Found a viscous altar of Jiyva.
 25942 | Lair:6   | Entered Level 6 of the Lair of Beasts
 25981 | Lair:5   | Learned a level 7 spell: Orb of Destruction
 27102 | Lair:6   | Identified the +1 scale mail of the Trees {rElec}
 27630 | Lair:6   | Reached skill level 10 in Conjurations
 28374 | Lair:6   | Identified the +1 leather armour of Ru's Outrage {rElec
                  | Regen+ Stlth+}
 28374 | Lair:6   | Noticed Sonja
 28382 | Lair:6   | Killed Sonja
 28769 | Lair:6   | Gained mutation: You are completely covered in large bone
                  | plates. (SH +8) [demonic ancestry]
 28769 | Lair:6   | Reached XP level 15. HP: 122/123 MP: 25/33
 29260 | Orc:2    | Bought the amulet of Bukaomea {RegenMP Contam rC+ rCorr}
                  | for 528 gold pieces
 29420 | Shoals:1 | Entered Level 1 of the Shoals
 30133 | Shoals:1 | Noticed Kirke
 30138 | Shoals:1 | Killed Kirke
 32105 | Shoals:2 | Gained mutation: You have very sharp fingernails. [demonic
                  | ancestry]
 32105 | Shoals:2 | Reached XP level 16. HP: 134/134 MP: 20/34
 32225 | Shoals:3 | Reached skill level 15 in Fighting
 32526 | Shoals:3 | Reached skill level 15 in Conjurations
 32553 | Shoals:3 | Noticed Polyphemus
 32638 | Shoals:3 | Reached skill level 15 in Spellcasting
 33179 | Shoals:4 | Entered Level 4 of the Shoals
 33309 | Shoals:3 | Killed Polyphemus
 33628 | Shoals:4 | HP: 3/136 [merfolk javelineer/silver javelin (15)]
 33628 | Shoals:4 | Hit by a silver javelin thrown by a merfolk javelineer

Illustrated notes

Levels and vault maps discovered:
D:1:      nagdon_arrival_double_spiral, layout_loops_ring,
          hellmonk_ecumenical_altar_inner_sanctum, minmay_shallow_snake_nest
D:2:      layout_basic, wad_orctagon
D:3:      layout_rooms
D:4:      layout_rooms, gammafunk_ghost_split, serial_glass, glass_columns_b,
          glass_columns_c, glass_columns_a, glass_columns_b, glass_columns_c,
          amcnicky_mini_corridor_feature, minmay_fountain_box, minivault_24,
          sigmund_army, uniq_menkaure, uniq_crazy_yiuf_cottage, uniq_grinder,
          uniq_pikel
D:5:      corexii_shack_village, layout_cave_pods, serial_gnoll_camp,
          gnoll_camp_mini_doghouse, gnoll_camp_mini_basic, gnoll_camp_mini_shop,
          gnoll_camp_mini_shop, biasface_ghost_orc_armoury, uniq_sigmund
D:6:      layout_basic, minmay_temple_entry_proselytizer, serial_shops,
          kennysheep_little_box, kennysheep_pointless_box
D:7:      layout_rooms
D:8:      layout_cave_pools, brannock_xom_greatest_gift,
          minmay_lair_entry_grove, minivault_27, minivault_19,
          eino_small_chamber_without_monster, uniq_maurice, uniq_maggie,
          uniq_psyche, uniq_joseph
D:9:      layout_loops_cross, chequers_temple_overflow_minitemple, serial_shops,
          shop, kennysheep_nondescript
D:10:     layout_roguey, uniq_urug
D:11:     layout_roguey, kennysheep_orc_monster_closet_entryway
Temple:   dpeg_five_rooms_temple
Lair:1:   layout_misc_corridors, serial_bayou_crossing, grunt_megastairs_1
Lair:2:   beast_lair_carwin_large_2, layout_hall_layers,
          elwin_shoals_entry_rocks, gauntlet_entry_generic, basic_altar
Lair:3:   layout_roguey, minmay_hedge_maze, grunt_megastairs_5,
          minmay_lair_oklob_chamber
Lair:4:   layout_loops_ring, spider_nest_entry_web_field, special_room
          [special_room_mythical_zoo], infiniplex_staircase_pool_2
Lair:5:   layout_small_grid, slime_altar_1, st_stairs_7, lemuel_fruit_tree
Lair:6:   hangedman_lair_tendril_chambers, layout_misc_corridors,
          guppyfry_lair_end_dragon, uniq_sonja
Shoals:1: cheibrodos_shoals_three_sisters, layout_shoals, uniq_kirke
Shoals:2: layout_shoals
Shoals:3: layout_shoals, uniq_polyphemus
Shoals:4: shoals_end_grunt_ice, layout_shoals
Orc:1:    layout_caves, enter_bailey_2
Orc:2:    st_orc_rangers, layout_diamond_mine, basic_altar, uniq_snorg,
          uniq_donald

Skill      XL: |  1  2  3  4  5  6  7  8  9 10 11 12 13 14 15 16 |
---------------+-------------------------------------------------+-----
Poison Magic   | 4 6 8 9 |  9.2
Spellcasting   | 4 5 6 8 10 12 13 14 15 | 15.2
Fighting       | 3 6 9 11 13 14 15 | 15.3
Shields        | 4 |  4.0
Conjurations   | 11 14 15 | 15.2
Dodging        | |  1.7
Stealth        | |  1.7
Transmutations | |  0.8

Action                   |  1- 3 |  4- 6 |  7- 9 | 10-12 | 13-15 | 16-18 || total
-------------------------+-------+-------+-------+-------+-------+-------++-------
Melee: Unarmed           |    15 |       |    11 |       |       |       ||    26
       Flail             |     8 |     2 |    46 |       |       |       ||    56
       Whip              |       |       |    25 |   163 |    53 |       ||   241
       Mace              |       |       |       |       |   296 |    34 ||   330
 Cast: Sting             |    84 |       |       |       |       |       ||    84
       Poisonous Vapours |     3 |    10 |    75 |   154 |   138 |    24 ||   404
       Olgreb's Toxic Ra |       |       |    25 |    76 |    82 |     1 ||   184
       Mephitic Cloud    |       |       |     1 |     4 |    17 |       ||    22
       Ignite Poison     |       |       |       |     4 |    26 |     2 ||    32
       Orb of Destructio |       |       |       |       |    79 |    47 ||   126
Invok: Call Merchant     |       |       |       |       |     2 |       ||     2
Evoke: Wand              |       |       |    12 |    15 |     3 |     1 ||    31
       Lightning rod     |       |       |       |       |     4 |       ||     4
  Use: Scroll            |       |       |     4 |    15 |    17 |     3 ||    39
       Potion            |       |       |       |       |     1 |     3 ||     4
 Stab: Sleeping          |       |       |     1 |       |     2 |       ||     3
       Distracted        |       |       |       |     2 |     1 |       ||     3
Armor: Robe              |     8 |     1 |    17 |    28 |   152 |       ||   206
       Skin              |       |       |     1 |       |       |       ||     1
       Leather armour    |       |       |       |       |    11 |    29 ||    40
Dodge: Dodged            |    26 |     6 |    92 |   177 |   235 |    26 ||   562
Block: Other             |     9 |     1 |    18 |    80 |    15 |       ||   123
       Buckler           |       |       |       |       |   378 |    54 ||   432

Table legend: (Time is in decaauts)
 A = Elapsed time spent in this place.
 B = Non-inter-level travel time spent in this place.
 C = Inter-level travel time spent in this place.
 D = Time resting spent in this place.
 E = Time spent auto-exploring this place.
 F = Levels seen in this place.
 G = Mean time per level.
                   A        B        C        D        E       F      G
               +--------+--------+--------+--------+--------+-----+--------+
         Total |  34279 |  32753 |   1526 |   2426 |  24036 |  25 | 1371.2 |
       Dungeon |  14764 |  13858 |    906 |    263 |  11412 |  11 | 1342.2 |
        Temple |    291 |    239 |     52 |      0 |    225 |   1 |  291.0 |
          Lair |   9017 |   8740 |    277 |     91 |   7074 |   6 | 1502.8 |
        Shoals |   4591 |   4516 |     75 |    217 |   3118 |   4 | 1147.8 |
  Orcish Mines |   4695 |   4479 |    216 |   1430 |   2092 |   2 | 2347.5 |
      Gauntlet |    919 |    919 |      0 |    425 |    114 |   1 |  919.0 |
               +--------+--------+--------+--------+--------+-----+--------+

Top non-repeatable levels by time:
  Lair:6: 3003 daAuts
   Orc:2: 2438 daAuts
   Orc:1: 2257 daAuts
     D:8: 1933 daAuts
     D:9: 1703 daAuts
     D:5: 1657 daAuts
Shoals:1: 1625 daAuts
    D:11: 1604 daAuts
Shoals:3: 1556 daAuts
  Lair:4: 1511 daAuts
     D:3: 1409 daAuts
     D:2: 1340 daAuts
Shoals:2: 1305 daAuts
  Lair:3: 1299 daAuts
     D:4: 1227 daAuts
